[Event "*** Titled Tuesday Blitz"]
[Site "Chess.com"]
[Date "2020.05.26"]
[Round "4"]
[White "Sychev_Klementy"]
[Black "AnthonyWirig"]
[Result "1-0"]
[WhiteElo "2874"]
[BlackElo "2692"]
[TimeControl "180+1"]
[EndTime "10:38:41 PDT"]
[Termination "Sychev_Klementy won on time"]

1. e4 g6 2. d4 Bg7 3. Nc3 c6 4. Bc4 d5 5. exd5 b5 6. Bb3 b4 7. Nce2 cxd5 8. Nf3 Nf6 9. a3 bxa3 10. Rxa3 O-O 11.
O-O Nc6 12. h3 Qb6 13. Nf4 e6 14. c3 a5 15. Re1 Ba6 16. Bc2 Rab8 17. h4 Rfe8 18.
h5 Qc7 19. hxg6 hxg6 20. Ng5 Ne7 21. b4 Bb5 22. bxa5 Nf5 23. Bd2 Bf8 24. Ra1 Bd6 25. Qf3 Bc4 26. Nd3 Bxd3 27. Bxd3 Bf8 28. a6 Bg7 29. Ra2 Ra8 30. Rb1 Ra7 31. Rab2 Nd6 32. Bf4 Qd7 33. Rb6 Nf5 34. Rb7 Rxb7 35. axb7 Nh4 36.
Qh3 Nf5 37. b8=Q 1-0

[Event "*** Titled Tuesday Blitz"]
[Site "Chess.com"]
[Date "2020.05.26"]
[Round "4"]
[White "Munkhzul_Turmunkh"]
[Black "bakki78"]
[Result "1-0"]
[WhiteElo "2566"]
[BlackElo "2750"]
[TimeControl "180+1"]
[EndTime "10:38:41 PDT"]
[Termination "Munkhzul_Turmunkh won by resignation"]

1. e4 c5 2. Nf3 Nc6 3. d4 cxd4 4. Nxd4 Nf6 5. Nc3 d6 6. Bg5 e6 7. Qd2 a6 8. O-O-O Bd7 9. f4 Be7 10. Kb1 b5 11. Nb3 b4 12. Bxf6 gxf6 13. Ne2 Qb6 14. f5 e5 15. Qd5 Rc8 16. Nec1 Na7 17. Bc4 Rf8 18. Qa5 Qxa5 19. Nxa5 Nb5 20. Bd5 Rc7 21. Nd3 Rg8 22. g3 Bd8 23. Nxb4 Rc5 24. Nb7 Rc8 25. Nxd8 Rxd8 26. Nxa6 Ke7 27. a4 Nd4 28. c3 Nf3 29. b3 h5 30. Rd3 Ng5 31. h4 Nh7 32.
Nb4 Nf8 33. Kc2 Rc8 34. c4 Be8 35. a5 Nd7 36. a6 Nb6 37. Ra1 Bd7 38. a7 Rgd8 39. Bb7 Rc7 40. a8=Q Nxa8 41. Bxa8 Rb8 42. Nd5+ 1-0

[Event "*** Titled Tuesday Blitz"]
[Site "Chess.com"]
[Date "2020.05.26"]
[Round "4"]
[White "Benjoneliere44"]
[Black "Shield12"]
[Result "1-0"]
[WhiteElo "2547"]
[BlackElo "2804"]
[TimeControl "180+1"]
[EndTime "10:38:42 PDT"]
[Termination "Benjoneliere44 won by resignation"]

1. d4 Nf6 2. Bf4 d5 3. e3 c5 4. c3 Nc6 5. Nd2 e6 6. Bd3 b6 7. Ngf3 Bb7 8. Ne5 Nxe5 9. Bxe5 Bd6 10. Bb5+ Kf8 11. Nf3 a6 12. Bd3 Bxe5 13. Nxe5 Nd7 14. Nf3 g6 15. h4 h6 16. Qe2 Kg7 17. h5 g5 18. Ne5 Nxe5 19. dxe5 f6 20. exf6+ Qxf6 21.
f4 Rhf8 22. Rf1 e5 23. g3 Rae8 24. fxg5 Qxf1+ 25. Qxf1 Rxf1+ 26. Bxf1 hxg5 27. Rd1 Rd8 28. Bg2 g4 29. c4 e4 30. Bxe4 Re8 31. Bg2 Rxe3+ 32.
Kf2 Re5 33. cxd5 Bc8 34. d6 Bd7 35. Rd5 Kf6 36. Rxe5 Kxe5 37. h6 Kf6 38. Ke3 Kg6 39.
Kf4 Kxh6 40. Ke5 Kg5 41. Bd5 a5 42. Be6 Bc6 43. d7 1-0

[Event "*** Titled Tuesday Blitz"]
[Site "Chess.com"]
[Date "2020.05.26"]
[Round "4"]
[White "chegueps"]
[Black "ClassyEl"]
[Result "0-1"]
[WhiteElo "2426"]
[BlackElo "2609"]
[TimeControl "180+1"]
[EndTime "10:38:42 PDT"]
[Termination "ClassyEl won by resignation"]

1. e4 d6 2. d4 Nf6 3. Nc3 c6 4. f4 Qa5 5. Bd3 e5 6. Nf3 Bg4 7.
Be3 Qb6 8. Qd2 exf4 9. Bxf4 Bxf3 10. gxf3 Qxd4 11. O-O-O Nbd7 12. Be3 Qb4 13. a3 Qa5 14. f4 Be7 15. Rhg1 g6 16. Rg5 Qc7 17. e5 dxe5 18.
fxe5 Nxe5 19. Bf4 Nxd3+ 20. cxd3 Qd7 21. Qe3 O-O 22. Re5 Bd6 23. Ne4 Bxe5 24. Bxe5 Nxe4 25. dxe4 Qe6 26. Bc3 f6 27. e5 fxe5 28. Kb1 b6 29.
Ka1 Rae8 30. h4 Rf5 31. Qg3 Qf7 32. Qh3 Rf3 33. Qg2 Qf5 34. Qd2 Qf7 35. Qd6 Rf6 36. Qd2 c5 37. Qe3 Rf5 38. Qe4 Rf1 39. Re1 Rxe1+ 40. Qxe1 Qd5 41. Qg1 Rf8 42. Qg5 Rf1+ 43. Qc1 0-1

[Event "*** Titled Tuesday Blitz"]
[Site "Chess.com"]
[Date "2020.05.26"]
[Round "4"]
[White "miruna_daria28"]
[Black "DivyaDeshmukh23"]
[Result "0-1"]
[WhiteElo "2265"]
[BlackElo "2439"]
[TimeControl "180+1"]
[EndTime "10:38:42 PDT"]
[Termination "DivyaDeshmukh23 won on time"]

1. e4 c5 2. Nf3 d6 3. d4 cxd4 4. Nxd4 Nf6 5. Nc3 Nc6 6. Bg5 e6 7. f3 a6 8. Qd2 Be7 9. O-O-O Nxd4 10. Qxd4 b5 11. Be3 O-O 12. g4 Nd7 13. h4 Bf6 14. Qd2 Qa5 15. a3 Bb7 16. Bd4 Bxd4 17. Qxd4 Ne5 18. Be2 Rfd8 19. Kb1 Rac8 20. g5 Nc6 21. Qe3 b4 22. axb4 Nxb4 23. h5 d5 24. exd5 Bxd5 25. g6 Ba2+ 26. Kc1 Nd5 27. Nxd5 Bxd5 28. Rd3 Qa1+ 29.
Kd2 Qxh1 30. gxf7+ Kf8 0-1

[Event "*** Titled Tuesday Blitz"]
[Site "Chess.com"]
[Date "2020.05.26"]
[Round "4"]
[White "Tenamu"]
[Black "Luibov_AN"]
[Result "1-0"]
[WhiteElo "2355"]
[BlackElo "2046"]
[TimeControl "180+1"]
[EndTime "10:38:43 PDT"]
[Termination "Tenamu won by resignation"]

1. d4 g6 2. Nc3 Bg7 3. e4 c5 4.
Nf3 Nc6 5. Be3 Qb6 6. Na4 Qa5+ 7.
c3 cxd4 8. Nxd4 Nf6 9. Bd3 d6 10. Nxc6 bxc6 11. O-O Ng4 12. Bd2 Bd7 13. b4 Qc7 14. h3 Nf6 15. Nb2 a5 16. a3 O-O 17.
Nc4 axb4 18. axb4 d5 19. exd5 cxd5 20. Na5 h6 21. Re1 e5 22. Nb3 Bc6 23. Nc5 e4 24.
Bf1 Rxa1 25. Qxa1 Nh5 26. Qc1 Kh7 27. Be2 Nf6 28. Bf4 Qa7 29. Be3 Qe7 30. Qd2 Nd7 31.
Ra1 Rd8 32. Ra7 Qd6 33. Bf4 Qf6 34. Nxd7 Rxd7 35. Ra3 d4 36. c4 d3 37. Bd1 Qd4 38.
b5 Bb7 39. Bb3 g5 40. Be3 Qc5 41. Bxc5 1-0

[Event "*** Titled Tuesday Blitz"]
[Site "Chess.com"]
[Date "2020.05.26"]
[Round "4"]
[White "Efremov_Vlad"]
[Black "TheoSlade"]
[Result "0-1"]
[WhiteElo "2151"]
[BlackElo "2345"]
[TimeControl "180+1"]
[EndTime "10:38:43 PDT"]
[Termination "TheoSlade won on time"]

1. d4 Nf6 2. c4 e6 3. Nf3 d5 4. Nc3 Be7 5. Bf4 O-O 6. e3 Nbd7 7.
c5 c6 8. Bd3 b6 9. b4 a5 10. a3 Ba6 11. O-O Qc8 12. Ne5 Nxe5 13. Bxe5 Qb7 14. Rb1 axb4 15. Rxb4 Bxd3 16. Qxd3 Nd7 17.
Qb1 Rxa3 18. Na4 b5 19. Qb2 Rd3 20. Qc2 Nxe5 21. dxe5 Ra3 22. Qb2 Rxa4 23. Rxa4 Bxc5 24. Rc1 Qb6 25. Rg4 Ra8 26. Qc2 Bf8 27. h3 c5 28. Rh4 h6 29. Rb1 b4 30. Rg4 c4 31.
e4 b3 32. Qd2 Qb4 33. Qxh6 c3 34. Qg5 c2 35. Rf1 b2 36. Rh4 b1=Q 37. Qh5 Qxf1+ 38.
Kh2 f6 39. Qh8+ Kf7 40. Qh5+ Ke7 41. exf6+ Kd8 42. fxg7 Qd6+ 0-1

[Event "*** Titled Tuesday Blitz"]
[Site "Chess.com"]
[Date "2020.05.26"]
[Round "4"]
[White "Gareth-Bale11"]
[Black "tsvet2005"]
[Result "1-0"]
[WhiteElo "2762"]
[BlackElo "2529"]
[TimeControl "180+1"]
[EndTime "10:38:44 PDT"]
[Termination "Gareth-Bale11 won by checkmate"]

1. d4 d5 2. c4 e6 3. Nf3 Nf6 4. Nc3 c6 5. Bg5 h6 6. Bh4 dxc4 7. e4 g5 8. Bg3 b5 9. Be2 Bb7 10. Qc2 Nbd7 11. Rd1 Qb6 12. Ne5 Be7 13. h4 g4 14. Nxg4 Nxg4 15. Bxg4 Rg8 16. Bh5 Nf6 17. Bf3 Rd8 18. e5 Nd5 19. Qh7 Kd7 20. Qxf7 Rdf8 21. Qh7 Nf4 22. Ne4 Rh8 23. Nc5+ Ke8 24.
Qe4 Bxc5 25. dxc5 Qa5+ 26. Kf1 Nd3 27. Rxd3 cxd3 28. Qxd3 b4 29. Bh5+ Rf7 30. Bxf7+ Kxf7 31. Qd7+ Kg6 32. h5+ Kf5 33. Qf7+ Ke4 34. Rh4+ Kd5 35.
Qxb7 Qxa2 36. Kg1 Qa1+ 37. Kh2 Kxc5 38. Qxb4+ Kd5 39. Qd4# 1-0

[Event "*** Titled Tuesday Blitz"]
[Site "Chess.com"]
[Date "2020.05.26"]
[Round "4"]
[White "turayev_shahruh17"]
[Black "chenxiaoyuer"]
[Result "1-0"]
[WhiteElo "2504"]
[BlackElo "2306"]
[TimeControl "180+1"]
[EndTime "10:38:44 PDT"]
[Termination "turayev_shahruh17 won by checkmate"]

1. e4 c5 2. Nc3 d6 3. f4 g6 4. Nf3 Bg7 5. Bc4 Nc6 6. O-O e6 7.
d3 Nge7 8. Qe1 O-O 9. f5 gxf5 10. Qg3 fxe4 11. dxe4 Ng6 12. Be2 Nce5 13. Bg5 Nxf3+ 14. Rxf3 f6 15. Be3 Qe7 16. h4 Ne5 17. Rff1 Kh8 18. h5 Rg8 19. Qh4 h6 20. Rad1 a6 21. Bf3 Bd7 22.
Ne2 Bb5 23. Rf2 Bxe2 24. Bxe2 Rad8 25. c4 Nf7 26. Rdf1 Ng5 27. Qg4 Rdf8 28. Bd3 Nf7 29. Qh3 Ng5 30. Qg4 Nf7 31. Qe2 Ne5 32. b3 Rf7 33.
Bf4 Bf8 34. Bb1 Nc6 35. Qd2 Nd4 36. Bxh6 f5 37. exf5 Bxh6 38. Qxh6+ Rh7 39. f6 Rxh6 40. fxe7 Nf5 41. Bxf5 exf5 42. Rxf5 Re6 43. Rf7 Re2 44. R1f2 Re5 45. R2f6 Re1+ 46. Kh2 Re2 47. Rh6# 1-0

[Event "*** Titled Tuesday Blitz"]
[Site "Chess.com"]
[Date "2020.05.26"]
[Round "4"]
[White "Antelacus"]
[Black "MYMChessAcademy"]
[Result "0-1"]
[WhiteElo "2253"]
[BlackElo "2436"]
[TimeControl "180+1"]
[EndTime "10:38:44 PDT"]
[Termination "MYMChessAcademy won on time"]

1. d4 Nf6 2. c4 g6 3. Nc3 Bg7 4. e4 d6 5. Nf3 O-O 6. Be2 e5 7. O-O Nc6 8. d5 Ne7 9. Ne1 Nd7 10. Nd3 f5 11. Bd2 Nf6 12. f3 f4 13. c5 g5 14.
Rc1 Ng6 15. a4 h5 16. cxd6 cxd6 17. Nb5 Rf7 18. Qc2 Ne8 19. Nf2 Bh6 20. b4 Rg7 21.
Nxa7 Bd7 22. Nc6 bxc6 23. dxc6 Bc8 24. b5 Nh4 25. Be1 g4 26. Qb3+ Kh7 27. fxg4 hxg4 28.
b6 f3 29. b7 fxe2 30. bxa8=Q Nf3+ 31. gxf3 gxf3+ 32. Ng4 Rxg4+ 33. Bg3 Bxc1 34. Rxc1 Qg5 35. Qa7+ Ng7 36. Qbe3 Rxg3+ 37. Kh1 f2 38. Qxg3 Qxc1+ 39. Kg2 Qg1+ 40. Kf3 f1=Q+ 0-1

[Event "*** Titled Tuesday Blitz"]
[Site "Chess.com"]
[Date "2020.05.26"]
[Round "4"]
[White "IMinTheWings"]
[Black "DrBergerBerger"]
[Result "1-0"]
[WhiteElo "2121"]
[BlackElo "2354"]
[TimeControl "180+1"]
[EndTime "10:38:44 PDT"]
[Termination "IMinTheWings won on time"]

1. c4 c5 2. Nf3 Nc6 3. d4 cxd4 4. Nxd4 Nf6 5. Nc3 d6 6. e4 g6 7. Be2 Nxd4 8. Qxd4 Bg7 9. Be3 O-O 10. Qd2 Be6 11.
f3 Qa5 12. O-O Rfc8 13. b3 a6 14. Rac1 b5 15. cxb5 axb5 16. Rfd1 Rxc3 17. Qxc3 Qxc3 18.
Rxc3 Nxe4 19. Rc7 Nc3 20. Rd2 Nd5 21. Ra7 Rc8 22. Bf2 b4 23. Bc4 Nf4 24. Be3 Bxc4 25. Bxf4 e5 26. Be3 Be6 27. Rxd6 h5 28. Rb6 Bf8 29.
h3 Rc3 30. Bf2 Rc1+ 31. Kh2 Rc2 32. Bg3 Bc5 33. Ra8+ Kg7 34. Bxe5+ f6 35. Rb7+ Bf7 36. Bg3 1-0

[Event "*** Titled Tuesday Blitz"]
[Site "Chess.com"]
[Date "2020.05.26"]
[Round "4"]
[White "Morshynska"]
[Black "NefeLV"]
[Result "1-0"]
[WhiteElo "2167"]
[BlackElo "1787"]
[TimeControl "180+1"]
[EndTime "10:38:44 PDT"]
[Termination "Morshynska won on time"]

1. e4 e6 2. d4 d5 3. Bd3 Nf6 4. e5 Nfd7 5. c3 c5 6. Ne2 Nc6 7. Nd2 cxd4 8. cxd4 Qb6 9. Nf3 Be7 10. O-O O-O 11. a3 f5 12. exf6 Nxf6 13. Ng3 g6 14. Bc2 Qc7 15. Re1 Bd6 16. b4 Qg7 17. Bb2 Ng4 18. h3 Nh6 19. b5 Ne7 20. Ne5 Nef5 21. Ne2 Nh4 22. Qd3 Qf6 23. f4 N4f5 24. Rf1 a6 25. g4 Qh4 26. gxf5 Nxf5 27. Kh2 axb5 28. Ng3 Nh6 29. Nxg6 Ng4+ 30. Kg2 Ne3+ 31. Qxe3 hxg6 32.
Qd3 Rf6 33. Ne2 e5 34. dxe5 Bf5 35. Qb3 1-0

[Event "*** Titled Tuesday Blitz"]
[Site "Chess.com"]
[Date "2020.05.26"]
[Round "4"]
[White "1f3_2g41-0"]
[Black "KaterinaMiroshnik"]
[Result "1-0"]
[WhiteElo "2264"]
[BlackElo "2408"]
[TimeControl "180+1"]
[EndTime "10:38:45 PDT"]
[Termination "1f3_2g41-0 won by checkmate"]

1. e4 e6 2. d4 d5 3. Nc3 Nf6 4. exd5 exd5 5. Bd3 Bb4 6. Ne2 O-O 7. O-O c5 8. dxc5 Bxc5 9. Bg5 Be7 10. Bxf6 Bxf6 11. Nxd5 Bxb2 12. Rb1 Ba3 13. Nec3 Nc6 14. Nb5 Bc5 15.
Ndc7 Rb8 16. Qh5 f5 17. Bc4+ Kh8 18. Rbd1 Qf6 19. Rfe1 Ne5 20. Bb3 a6 21. Nc3 Ng4 22. N7d5 Qd6 23. Ne3 Qb6 24. Ncd5 Qh6 25. Qxh6 Nxh6 26.
Nf4 b5 27. Rd5 Bxe3 28. Rxe3 Bb7 29. Rd7 Rbd8 30. Red3 Rxd7 31. Rxd7 Be4 32. Ne6 Rc8 33.
f3 Bxc2 34. Bxc2 Rxc2 35. Nxg7 Rc1+ 36. Kf2 Rc2+ 37. Kg3 Ng8 38. Nxf5 Rc4 39. Rd8 Rc5 40. Ne7 Rg5+ 41. Kf4 Rg7 42. Rxg8+ Rxg8 43. Nxg8 Kxg8 44. Ke5 Kf7 45. Kd6 Kf6 46. Kc5 Ke5 47. Kb6 Kd5 48.
Kxa6 Kc4 49. f4 Kb4 50. f5 Ka4 51. f6 b4 52. f7 Ka3 53. f8=Q Kxa2 54. Qxb4 h5 55.
Kb5 h4 56. Kc4 h3 57. Kc3 hxg2 58. Qb2# 1-0

[Event "*** Titled Tuesday Blitz"]
[Site "Chess.com"]
[Date "2020.05.26"]
[Round "4"]
[White "underdogchss"]
[Black "Zmeeed63"]
[Result "0-1"]
[WhiteElo "2396"]
[BlackElo "2233"]
[TimeControl "180+1"]
[EndTime "10:38:45 PDT"]
[Termination "Zmeeed63 won on time"]

1. d4 Nf6 2. Nf3 d5 3. c4 e6 4. Nc3 c6 5. Bg5 dxc4 6. e4 b5 7. e5 h6 8. Bh4 g5 9. Nxg5 Nd5 10. Nxf7 Qxh4 11. Nxh8 Bb4 12. Rc1 Qe4+ 13. Be2 Nf4 14.
Qc2 Nd3+ 15. Kf1 Qxd4 16. Bh5+ Kd7 17. Rd1 Qxe5 18. Rxd3+ cxd3 19. Qxd3+ Kc7 20. Nf7 Qxh5 21. Qd8+ Kb7 22. Ne4 Qxf7 23. a3 Qe7 24. Qd4 e5 25.
Qe3 Bf5 26. Ng3 Bc5 27. Qxh6 Bd3+ 28. Ke1 Qd6 29. Qg7+ Nd7 30. h4 Bc2 31. Qg4 Qd4 32. Qe2 Rd8 0-1

[Event "*** Titled Tuesday Blitz"]
[Site "Chess.com"]
[Date "2020.05.26"]
[Round "4"]
[White "MaxVavulin"]
[Black "SoltaniciR"]
[Result "0-1"]
[WhiteElo "2611"]
[BlackElo "2476"]
[TimeControl "180+1"]
[EndTime "10:38:46 PDT"]
[Termination "SoltaniciR won on time"]

1. e4 c5 2. Nf3 d6 3. d4 cxd4 4. Nxd4 Nf6 5. Nc3 a6 6. Be3 e6 7. g4 h6 8. f4 b5 9. Qf3 Bb7 10. a3 Nbd7 11. g5 hxg5 12. fxg5 Ne5 13. Qg2 Nfg4 14. Bd2 Qb6 15. Nce2 d5 16. O-O-O dxe4 17. Bf4 Rc8 18. Kb1 e3 19. Qg1 Bxh1 20. Qxh1 Nf2 21. Qg2 Nxd1 22. Bxe5 Nf2 23. Qf3 Be7 24. Bxg7 Rxh2 25.
Qxe3 Ng4 26. Qf4 Rf2 27. Qxg4 Rxf1+ 28. Ka2 Qc7 29. g6 f5 30. Qh3 Re1 31. Qh8+ Kd7 32. Qh3 Qc4+ 0-1

[Event "*** Titled Tuesday Blitz"]
[Site "Chess.com"]
[Date "2020.05.26"]
[Round "4"]
[White "Superfelix"]
[Black "Roman_Ovetchkin"]
[Result "1-0"]
[WhiteElo "2469"]
[BlackElo "2603"]
[TimeControl "180+1"]
[EndTime "10:38:47 PDT"]
[Termination "Superfelix won on time"]

1. e4 c6 2. Nc3 d5 3. Qe2 d4 4. Nd1 e5 5. d3 c5 6. g3 Nc6 7. f4 Bd6 8. Nf3 f6 9. Nf2 Nge7 10. f5 b5 11. a4 Qa5+ 12. Bd2 Nb4 13. Bxb4 Qxb4+ 14.
Qd2 Qxb2 15. Qd1 Qc3+ 16. Nd2 Bd7 17. axb5 Bxb5 18. Qb1 O-O 19. Nd1 Qb4 20. Qa2+ Kh8 21. Qe6 Rfd8 22. Be2 Be8 23. Rb1 Qa4 24. Nc4 Qd7 25.
Qxd7 Rxd7 26. Kd2 Nc6 27. g4 Nb4 28. g5 fxg5 29. h4 gxh4 30. Rxh4 Kg8 31. Nf2 Bf7 32. f6 gxf6 33. Ng4 Be7 34. Rg1 Bg6 35. Nh6+ Kf8 36.
Nf5 Rad8 37. Bh5 1-0

[Event "*** Titled Tuesday Blitz"]
[Site "Chess.com"]
[Date "2020.05.26"]
[Round "4"]
[White "hitaman"]
[Black "Gerasimenyuk_Miha"]
[Result "1-0"]
[WhiteElo "2604"]
[BlackElo "2403"]
[TimeControl "180+1"]
[EndTime "10:38:47 PDT"]
[Termination "hitaman won on time"]

1. e4 c6 2. d4 d5 3. e5 c5 4. dxc5 Nc6 5. f4 h5 6. c3 a5 7.
Nf3 Bg4 8. Be3 e6 9. Nbd2 Nh6 10.
h3 Nf5 11. Bf2 Bxf3 12. Nxf3 Be7 13. Bd3 g6 14. Bxf5 gxf5 15. O-O Rg8 16. Kh2 Qc7 17. Qe2 O-O-O 18. b4 Rg6 19. b5 Nb8 20. c6 Rdg8 21. Rg1 bxc6 22. b6 Qb7 23. c4 Nd7 24. Rab1 c5 25.
Qd2 d4 26. Qxa5 Bf8 27. a4 f6 28. Qb5 Bh6 29. g3 fxe5 30. Nxe5 Nxe5 31. fxe5 f4 32.
Qxc5+ Kb8 33. Qd6+ Ka8 34. Rb5 fxg3+ 35. Rxg3 Qg2+ 36.
Kxg2 1-0

[Event "*** Titled Tuesday Blitz"]
[Site "Chess.com"]
[Date "2020.05.26"]
[Round "4"]
[White "Gandrade2"]
[Black "BabyFacedAssasin"]
[Result "0-1"]
[WhiteElo "2009"]
[BlackElo "2234"]
[TimeControl "180+1"]
[EndTime "10:38:47 PDT"]
[Termination "BabyFacedAssasin won on time"]

1. d4 f5 2. Nf3 Nf6 3. g3 g6 4. Bg2 Bg7 5. O-O O-O 6. b3 d6 7. Bb2 c6 8. Nc3 Qc7 9. e4 fxe4 10. Ng5 d5 11. f3 h6 12. Nh3 exf3 13. Qxf3 Nbd7 14.
Rae1 Ne4 15. Qe3 Nxc3 16. Bxc3 Nf6 17. Nf4 Bf5 18. Ne6 Bxe6 19. Qxe6+ Rf7 20. Bd2 Qd7 21. Bh3 Qd6 22. Bf4 Qb4 23. g4 Rf8 24. g5 hxg5 25.
Bxg5 Qxd4+ 26. Kh1 Ne4 27. Bxe7 Nf2+ 28. Kg2 Nxh3 29. Kxh3 Qc3+ 30. Kg2 Qxc2+ 31. Re2 Qxe2+ 32. Qxe2 Rxf1 33. Bxf8 Rxf8 34. Qe6+ Kh7 35. Qh3+ Kg8 36. Qe6+ Rf7 37. Qe8+ Bf8 38. Qe6 Kg7 39. a3 a6 40.
a4 Bc5 41. Qe8 Be7 42. Kg3 Bf6 43. Qc8 d4 0-1

[Event "*** Titled Tuesday Blitz"]
[Site "Chess.com"]
[Date "2020.05.26"]
[Round "4"]
[White "Koksik_13"]
[Black "LiamVrolijk"]
[Result "1-0"]
[WhiteElo "2560"]
[BlackElo "2779"]
[TimeControl "180+1"]
[EndTime "10:38:49 PDT"]
[Termination "Koksik_13 won by resignation"]

1. d4 Nf6 2. Nc3 d5 3. Bf4 c5 4. e3 cxd4 5. exd4 a6 6. Bd3 Nc6 7. Nge2 Nb4 8. Ng3 Bg4 9. f3 Bh5 10. Nxh5 Nxh5 11. Be5 e6 12. a3 Nc6 13. Qd2 Nxe5 14.
dxe5 Qh4+ 15. Qf2 Qxf2+ 16. Kxf2 Bc5+ 17. Kf1 Bd4 18. Re1 Nf4 19. g3 Nxd3 20. cxd3 Rc8 21.
Ke2 Bxc3 22. bxc3 Rxc3 23. Rb1 Rc7 24. Rb6 Kd7 25. Rhb1 Kc8 26. Ke3 Rd8 27. Kd4 Rdd7 28. R6b2 Rc6 29. a4 Rdc7 30. f4 Rc2 31. f5 Rxb2 32.
Rxb2 g6 33. g4 Rc1 34. Rf2 Ra1 35. fxe6 fxe6 36. Kc5 Rxa4 37. Kd6 Kb8 38. Kxe6 Rxg4 39. Kd7 1-0

[Event "*** Titled Tuesday Blitz"]
[Site "Chess.com"]
[Date "2020.05.26"]
[Round "4"]
[White "Bulldog167"]
[Black "Sergey85Rodchenkov"]
[Result "1-0"]
[WhiteElo "2773"]
[BlackElo "2520"]
[TimeControl "180+1"]
[EndTime "10:38:49 PDT"]
[Termination "Bulldog167 won by resignation"]

1. e4 c5 2. Nf3 e6 3. d3 d6 4. g3 Nf6 5. Bg2 Be7 6. O-O O-O 7. Re1 Nc6 8. b3 e5 9. Bb2 h6 10. Nc3 Be6 11. Nd2 Qd7 12. Nd5 Bh3 13. Nxf6+ Bxf6 14. Nc4 Bxg2 15. Kxg2 Bd8 16. Ne3 Ne7 17.
Qf3 f5 18. exf5 Nxf5 19. Nxf5 Rxf5 20. Qd5+ Qf7 21. Qxf7+ Rxf7 22. Re4 Bb6 23. Rf1 Raf8 24. f4 exf4 25. Rfxf4 Rxf4 26. gxf4 Kf7 27. Kf3 g6 28. c4 Bd8 29. Bc1 Bf6 30. Re2 Re8 31. Rxe8 Kxe8 32.
f5 gxf5 33. Bxh6 Kf7 34. h3 Ke6 35. Bf4 Bh4 36. Bg3 Bg5 37. h4 Bh6 38. h5 d5 39. Bf4 Bg7 40. h6 Bh8 41. h7 dxc4 42.
dxc4 Kf6 43. Bd6 Kg6 44. Kf4 Bd4 45. Bxc5 1-0

[Event "*** Titled Tuesday Blitz"]
[Site "Chess.com"]
[Date "2020.05.26"]
[Round "4"]
[White "Zurability"]
[Black "Alopekos"]
[Result "1-0"]
[WhiteElo "2716"]
[BlackElo "2510"]
[TimeControl "180+1"]
[EndTime "10:38:49 PDT"]
[Termination "Zurability won on time"]

1. d4 Nf6 2. Nf3 e6 3. c4 d5 4.
Nc3 c5 5. cxd5 Nxd5 6. a3 cxd4 7. Nxd5 Qxd5 8. Qxd4 Qxd4 9. Nxd4 a6 10. b4 b5 11.
e4 Bb7 12. f3 Be7 13. Bb2 Bh4+ 14. g3 Bf6 15. O-O-O Nd7 16. Nb3 Rc8+ 17. Kb1 Bxb2 18. Kxb2 Ne5 19. Nc5 Rc7 20. Be2 Nd7 21. Nxb7 Rxb7 22.
Rd6 Rb6 23. Rhd1 Rxd6 24. Rxd6 Nb8 25. Rb6 Ke7 26. Rb7+ Kf6 27. f4 Rd8 28. e5+ Kg6 29. Bf3 f5 30. Re7 Rd3 31. Bb7 Nd7 32. Rxe6+ Kf7 33.
Rxa6 Ke7 34. Bc6 Rd2+ 35. Kc3 Rd1 36. Bxb5 Nf8 37. Ra7+ Kd8 38. Rxg7 Rc1+ 39. Kb2 Rh1 40. Rf7 Rxh2+ 41. Kb3 Ne6 42. Bc4 Nd4+ 43. Kc3 Nf3 44.
e6 1-0

[Event "*** Titled Tuesday Blitz"]
[Site "Chess.com"]
[Date "2020.05.26"]
[Round "4"]
[White "124chess"]
[Black "louis198"]
[Result "1-0"]
[WhiteElo "2775"]
[BlackElo "2506"]
[TimeControl "180+1"]
[EndTime "10:38:50 PDT"]
[Termination "124chess won by checkmate"]

1. e4 e6 2. d4 d5 3. e5 c5 4. c3 Qb6 5. Nf3 Bd7 6. Bd3 cxd4 7.
Nxd4 Nc6 8. Nxc6 bxc6 9. O-O f5 10. Qe2 Ne7 11. Re1 Ng6 12. g3 c5 13. h4 c4 14.
Bc2 Bc5 15. h5 Ne7 16. Nd2 g6 17. Nf1 Kf7 18. Rb1 Bb5 19. Be3 Rag8 20. Bg5 h6 21.
Bf6 Rh7 22. hxg6+ Rxg6 23. Qf3 h5 24. Bh4 Bc6 25. Qe2 Rg4 26. Ne3 Rhg7 27. Nxg4 Rxg4 28. Kh2 Ng6 29. f3 Rxh4+ 30. gxh4 Bf2 31. Rg1 Bxg1+ 32.
Rxg1 Nxh4 33. f4 d4 34. Qxh5+ Ke7 35. Qxh4+ Kd7 36. Qf2 Qxb2 37. Qxd4+ Kc7 38. Rg7+ Kc8 39. Qd2 Be4 40. Qd7+ Kb8 41. Qd8# 1-0

[Event "*** Titled Tuesday Blitz"]
[Site "Chess.com"]
[Date "2020.05.26"]
[Round "4"]
[White "poummba"]
[Black "Blitzstream"]
[Result "0-1"]
[WhiteElo "2484"]
[BlackElo "2682"]
[TimeControl "180+1"]
[EndTime "10:38:50 PDT"]
[Termination "Blitzstream won by checkmate"]

1. e4 e5 2. Bc4 Nc6 3. Nf3 Bc5 4. Nc3 d6 5. d3 Nf6 6. Bg5 h6 7. Bxf6 Qxf6 8. Nd5 Qd8 9. c3 Bg4 10.
b4 Bb6 11. a4 a6 12. Nxb6 cxb6 13. h3 Bh5 14. g4 Bg6 15. b5 Ne7 16. bxa6 bxa6 17.
Qb3 O-O 18. O-O Bh7 19. Nh4 Nc6 20. Ng2 Na5 21. Qb4 Nxc4 22. Qxc4 h5 23. Ne3 Rc8 24. Qb4 a5 25. Qb3 Qg5 26. Kg2 d5 27. Qxd5 Rfd8 28. Qb5 Rxc3 29. f4 Qh4 30. Qxe5 Rcxd3 31. Rf3 Rxe3 32.
Rxe3 hxg4 33. hxg4 Rd2+ 34. Kf1 Qf2# 0-1

[Event "*** Titled Tuesday Blitz"]
[Site "Chess.com"]
[Date "2020.05.26"]
[Round "4"]
[White "Baronessa08"]
[Black "Fins0905"]
[Result "0-1"]
[WhiteElo "2406"]
[BlackElo "2660"]
[TimeControl "180+1"]
[EndTime "10:38:51 PDT"]
[Termination "Fins0905 won on time"]

1. c4 c6 2. Nf3 d5 3. e3 Nf6 4. b3 Bf5 5. Bb2 e6 6. Nc3 Nbd7 7. Be2 h6 8. O-O Bd6 9. d4 O-O 10. h3 Qe7 11. cxd5 exd5 12. Rc1 Rfe8 13. Na4 Rad8 14. Nc5 Nxc5 15. dxc5 Bc7 16. Bd4 Ne4 17. Nd2 Nxd2 18. Qxd2 Qg5 19. f4 Qg3 20. Rf3 Qg6 21.
Kh2 f6 22. Rg3 Qf7 23. Qd1 Kh7 24. Bh5 g6 25. Be2 h5 26. Qd2 h4 27. Rf3 g5 28.
Qb2 gxf4 29. exf4 Qg6 30. Bf1 Bxf4+ 31. Rxf4 Qg3+ 32. Kh1 Qxf4 33. Bxf6 Rd7 34. Bd4 Be4 35. Bg1 Rg7 36. Bh2 Qe3 37. Rd1 Reg8 38. Qf6 Qxh3 0-1

[Event "*** Titled Tuesday Blitz"]
[Site "Chess.com"]
[Date "2020.05.26"]
[Round "4"]
[White "VMikhalevski"]
[Black "TST2014"]
[Result "1-0"]
[WhiteElo "2745"]
[BlackElo "2516"]
[TimeControl "180+1"]
[EndTime "10:38:53 PDT"]
[Termination "VMikhalevski won on time"]

1. Nf3 Nf6 2. g3 d5 3. Bg2 Nc6 4. O-O e5 5. c4 d4 6. d3 a5 7. Na3 Be7 8. Nb5 h6 9. e3 dxe3 10.
Bxe3 O-O 11. Re1 Bb4 12. Re2 Bf5 13. a3 Bxd3 14. axb4 Bxe2 15. Qxe2 axb4 16. Rd1 Qe7 17. Nh4 Rfd8 18. Re1 Qd7 19. Qf1 Ra2 20. b3 Qd3 21. Rb1 Qxf1+ 22. Bxf1 Ng4 23. Bc5 Rdd2 24. Nf3 Rdb2 25.
Re1 Nxf2 26. Nxc7 Ng4 27. Nd5 Rxb3 28. Bh3 Rxf3 29. Bxg4 Rd3 30. Nxb4 Nxb4 31. Bxb4 Rd4 32. Bf3 Rxc4 33. Bd5 Rxb4 34. Bxa2 Rb5 35. Rf1 Rb2 36. Bxf7+ Kh7 37. Re1 b5 38. Rxe5 b4 39. Re6 g5 40.
Rb6 Kg7 41. Bh5 1-0

[Event "*** Titled Tuesday Blitz"]
[Site "Chess.com"]
[Date "2020.05.26"]
[Round "4"]
[White "Djager97"]
[Black "moistketchup"]
[Result "1-0"]
[WhiteElo "2393"]
[BlackElo "2150"]
[TimeControl "180+1"]
[EndTime "10:38:53 PDT"]
[Termination "Djager97 won on time"]

1. e4 g6 2. d4 Bg7 3. Nc3 d6 4. f4 a6 5. Nf3 b5 6. Bd3 Nd7 7. Ne2 Bb7 8. O-O c5 9. c3 Ngf6 10. e5 Nd5 11. Bd2 O-O 12. Qe1 N7b6 13. b3 cxd4 14.
cxd4 Rc8 15. Qh4 e6 16. Qh3 Ne7 17. Ng5 h6 18. Ne4 Bxe4 19. Bxe4 dxe5 20. fxe5 Nf5 21. Bxf5 exf5 22. Bxh6 Rc2 23. Bxg7 Kxg7 24. Qd3 Rc8 25. Nf4 Nd5 26. Rad1 Rc3 27. Qd2 b4 28. h3 Ne3 29.
d5 Nxf1 30. Rxf1 Qb6+ 31. Kh1 Qe3 32. Rd1 Qxe5 33. d6 Rd8 34. Nh5+ Kf8 35. Qh6+ Ke8 36.
Ng7+ Kd7 37. Qh4 1-0